 Dungeon Crawl Stone Soup version 0.26-a0-651-gb41185065b (webtiles) character file.

Game seed: 247997336968382081

84 Irenicus the Digger (level 4, 36/36 HPs)
             Began as a Deep Dwarf Earth Elementalist on Oct 6, 2020.
             Quit the game on level 3 of the Dungeon.
             The game lasted 00:08:19 (1433 turns).

Irenicus the Digger (Deep Dwarf Earth Elementalist) Turns: 1433, Time: 00:08:20

Health: 36/36      AC:  4    Str: 12    XL:     4   Next: 24%
Magic:  2/5        EV: 16    Int: 16    God:
Gold:   181        SH:  0    Dex: 13    Spells: 3/6 levels left

rFire    . . .     SeeInvis .   a - +0 dagger
rCold    . . .     Faith    .   (no shield)
rNeg     . . .     Spirit   .   j - +0 leather armour
rPois    .         Reflect  .   (no helmet)
rElec    .         Harm     .   (no cloak)
rCorr    .         Rampage  .   o - +0 pair of gloves
MR       .....                  (no boots)
Stlth    ++........             g - amulet of the acrobat
HPRegen  0.00/turn              n - +4 ring of evasion
MPRegen  0.09/turn              p - ring of flight {+Fly, !d}

@: non-regenerating
A: damage resistance, heal wounds, sense surroundings 1, no regeneration
a: Heal Wounds, Evoke Flight


You were on level 3 of the Dungeon.
You visited 1 branch of the dungeon, and saw 3 of its levels.

You collected 181 gold pieces.

Inventory:

Hand Weapons
 a - a +0 dagger (weapon)
   (You took it off a goblin on level 1 of the Dungeon)
Missiles
 b - 92 stones (quivered)
Armour
 d - a +2 helmet
   (You took it off Robin on level 3 of the Dungeon)
 j - a +0 leather armour (worn)
   (You found it on level 1 of the Dungeon)
 o - a +0 pair of gloves (worn)
   (You found it on level 2 of the Dungeon)
Jewellery
 g - an amulet of the acrobat (around neck)
   (You found it on level 1 of the Dungeon)
 n - a +4 ring of evasion (left hand)
   (You found it on level 2 of the Dungeon)
 p - a ring of flight (right hand) {+Fly, !d}
   (You found it on level 2 of the Dungeon)
Scrolls
 c - a scroll of blinking {!r}
 h - a scroll of remove curse
 i - a scroll of magic mapping {!r}
 m - a scroll of teleportation
Potions
 e - a potion of lignification {!q}
 l - a potion of flight {unknown}


   Skills:
 - Level 2.1 Dodging
 - Level 2.4 Stealth
 - Level 1.7 Spellcasting
 - Level 0.8 Transmutations
 + Level 6.8 Earth Magic


You had 3 spell levels left.
You knew the following spells:

 Your Spells              Type           Power        Failure   Level
a - Sandblast             Erth           ###...       1%          1
w - Passwall              Tmut/Erth      ##......     9%          2

Your spell library contained the following spells:

 Spells                   Type           Power        Failure   Level
 Stone Arrow              Conj/Erth      ##....       21%         3
 Lee's Rapid Deconstruct  Erth           ###.......   41%         5
 Petrify                  Tmut/Erth      ##......     50%         4


Dungeon Overview and Level Annotations

Branches:
Dungeon (3/15)

Altars:
Qazlal


Innate Abilities, Weirdness & Mutations

You are resistant to damage.
You can heal yourself by infusing magical energy.
You passively map a small area around you.
You do not regenerate.


Message History

b - 77 stones Robin hits you but does no damage.
You now have 0/6 mp.
You aren't carrying any items that you can evoke.
It was a potion of heal wounds.
You feel much better.
You feel less wooden.
Your +0 pair of gloves unmelds from your body.
Your +0 leather armour unmelds from your body.
Robin drinks a potion.
Robin is healed!
You now have 36/36 hp.
Robin completely misses you.
Items here: ))) †.
Casting: Sandblast (safe; 1% risk of failure)
Confirm with . or Enter, or press ? or * to list all spells.
You don't have enough magic to cast that spell.
Unknown command.
You hit Robin but do no damage. Robin misses you.
You hit Robin.
Robin is lightly wounded.
Robin throws the goblin at you! The goblin hits you with a +0 club.
You take 1 damage, and have 35/36 hp.
You barely miss Robin.
Robin is lightly wounded.
Robin hits you but does no damage. The goblin hits you with a +0 club.
You take 1 damage, and have 34/36 hp.
You hit Robin.
Robin is moderately wounded.
Robin misses you.
You barely miss Robin.
Robin is moderately wounded.
The goblin hits you but does no damage. Robin closely misses you.
You hit Robin.
Robin is heavily wounded.
The goblin barely misses you. Robin misses you.
You barely miss Robin.
Robin is heavily wounded.
The goblin closely misses you. Robin closely misses you.
You barely miss Robin.
Robin is heavily wounded.
The goblin closely misses you.
Robin says, "Bow before me, strongest of all the hobgoblins!"
Robin hits you with a +0 spear.
You take 2 damage, and have 32/36 hp.
You hit Robin.
Robin is severely wounded.
The goblin hits you with a +0 club. Robin barely misses you.
You take 4 damage, and have 28/36 hp.
Casting: Sandblast (safe; 1% risk of failure)
Confirm with . or Enter, or press ? or * to list all spells.
Aiming: Sandblast (safe; 1% risk of failure)
Press: ? - help, Shift-Dir - straight line, f/p - Robin
Aim: Robin, wielding a +0 spear, wearing a +0 animal skin and wearing a +2 helmet (severely wounded)
The blast of sand hits Robin!
You kill Robin!
b - 76 stones The goblin no longer looks unusually strong.
The goblin closely misses you.
You now have 0/6 mp.
The goblin unwields a +0 club.
The goblin wields a +0 hunting sling.
The goblin shoots a stone.
The stone completely misses you.
Items here: ) [[ †.
Casting: Sandblast (safe; 1% risk of failure)
Confirm with . or Enter, or press ? or * to list all spells.
You don't have enough magic to cast that spell.
The goblin unwields a +0 hunting sling.
The goblin wields a +0 club.
The goblin hits you with a +0 club.
Items here: ))) †.
You take 4 damage, and have 24/36 hp.
You hit the goblin.
The goblin is severely wounded.
You closely miss the goblin.
The goblin is severely wounded.
The goblin completely misses you.
You barely miss the goblin.
The goblin is severely wounded.
The goblin misses you.
You closely miss the goblin.
The goblin is severely wounded.
The goblin misses you.
You hit the goblin.
You kill the goblin!
b - 92 stones (gained 16)
Things that are here:
a +0 club; a +0 hunting sling; a -3 whip
Items here: ))) †.
d - a +2 helmet
Things that are here:
a +0 spear; a +0 animal skin; the hobgoblin corpse of Robin
Items here: ))) †.
Things that are here:
a +0 club; a +0 hunting sling; a -3 whip You open the door.
The orc shouts!
There is an open door here.
You fail to use your ability.
You fail to use your ability.
Your magical essence is drained by the effort!
You feel much better. The orc barely misses you.
Health restored: 36 Are you sure you want to abandon this character and quit the game? (Confirm with "yes".)

###### ******* #....# *,,,,,,
#.##.# *#######* *,,,,,,
##'#..###########.......***,,,,,,
.....>..(...))))@.......+,+,,,,,,
......###########ow.....***,,,,,,
......#.g.# *.......* *******
.....g#†#.# *..)....* *,,,,,,
....#.#.#g# *.......* *,,,,,,
.....g..#g# *.......* *,,,,,,
....#.###g# *#######* *,,,,,,
....#g# #†#****************,,,,,,
.####.# #o#*,,,,,,,,,,,,,,,,,,,,,


You could see a worm and an orc.

Vanquished Creatures
  Robin (D:3)
  An adder (D:2)
  A worm (D:2)
  2 dart slugs
  2 orcs (D:3)
  A giant cockroach (D:1)
  8 hobgoblins
  3 jackals (D:1)
  4 kobolds
  2 quokkas (D:2)
  5 bats
  4 frilled lizards
  15 goblins
  2 rats
51 creatures vanquished.

Vanquished Creatures (others)
  A leopard gecko (D:2)
1 creature vanquished.

Grand Total: 52 creatures vanquished

Notes
Turn   | Place    | Note
-------+----------+-------------------------------------------
     0 | D:1      | Irenicus the Deep Dwarf Earth Elementalist began the quest
                  | for the Orb.
     0 | D:1      | Reached XP level 1. HP: 15/15 MP: 3/3
   192 | D:1      | Reached XP level 2. HP: 22/22 MP: 2/4
   197 | D:1      | Learned a level 2 spell: Passwall
   328 | D:1      | Reached skill level 5 in Earth Magic
   896 | D:2      | Reached XP level 3. HP: 22/28 MP: 0/5
   901 | D:2      | Found a stormy altar of Qazlal.
  1165 | D:2      | Reached skill level 6 in Earth Magic
  1336 | D:3      | Noticed Robin
  1371 | D:3      | Reached XP level 4. HP: 28/36 MP: 0/6
  1413 | D:3      | Killed Robin
  1433 | D:3      | Quit the game

Illustrated notes

Levels and vault maps discovered:
D:1:      elethiomel_arrival_shortcut, layout_basic
D:2:      layout_loops_ring, nrook_mini_vaults, grunt_qazlal_clouds
D:3:      layout_basic, bloody_makhleb, grunt_temple_overflow_open,
          chequers_ecumenical_altar_simple_redux, uniq_robin, uniq_jessica

Skill      XL: |  1  2  3 |
---------------+----------+-----
Earth Magic    | 5 6 |  6.8
Dodging        | |  2.1
Stealth        | |  2.4
Spellcasting   | |  1.7
Transmutations | |  0.8

Action                   |  1- 3 |  4- 6 || total
-------------------------+-------+-------++-------
Melee: Whip              |    17 |     5 ||    22
       Dagger            |       |    23 ||    23
 Cast: Sandblast         |    64 |     5 ||    69
       Passwall          |    11 |       ||    11
 Abil: Heal Wounds       |       |     1 ||     1
  Use: Scroll            |     1 |     5 ||     6
       Potion            |       |     3 ||     3
 Stab: Sleeping          |     1 |       ||     1
Armor: Robe              |     3 |       ||     3
       Leather armour    |     4 |     1 ||     5
       Skin              |       |    20 ||    20
Dodge: Dodged            |    41 |    20 ||    61

Table legend: (Time is in decaauts)
 A = Elapsed time spent in this place.
 B = Non-inter-level travel time spent in this place.
 C = Inter-level travel time spent in this place.
 D = Time resting spent in this place.
 E = Time spent auto-exploring this place.
 F = Levels seen in this place.
 G = Mean time per level.
                   A        B        C        D        E       F      G
               +--------+--------+--------+--------+--------+-----+--------+
         Total |   1433 |   1372 |     61 |      0 |      0 |   3 |  477.7 |
       Dungeon |   1433 |   1372 |     61 |      0 |      0 |   3 |  477.7 |
               +--------+--------+--------+--------+--------+-----+--------+

Top non-repeatable levels by time:
     D:1: 785 daAuts
     D:2: 514 daAuts
     D:3: 132 daAuts

Table legend:
 A = Kills in this place as a percentage of kills in entire the game.
 B = Kills by you in this place as a percentage of kills by you in the entire game.
 C = Kills by friends in this place as a percentage of kills by friends in the entire game.
 D = Other kills in this place as a percentage of other kills in the entire game.
 E = Experience gained in this place as a percentage of experience gained in the entire game.
 F = Experience gained in this place divided by the number of levels of this place that you have seen.
                   A       B       C       D       E      F
               +-------+-------+-------+-------+-------+----------------------
         Total | 100.0 | 100.0 |   N/A |   N/A | 100.0 |  40.3
       Dungeon | 100.0 | 100.0 |   N/A |   N/A | 100.0 |  40.3
               +-------+-------+-------+-------+-------+----------------------
